 Dungeon Crawl Stone Soup version 0.29-a0-997-gf6f7e2dfe7 (webtiles) character file.

Game seed: 1289637561488603716

33240 sanka the Destroyer (level 13, 0/103 HPs)
             Began as a Gnoll Conjurer on Aug 4, 2022.
             Was a Believer of Ashenzari.
             Slain by a basilisk (5 damage)
             ... while petrified by a basilisk
             ... on level 3 of the Lair of Beasts.
             The game lasted 00:53:03 (21706 turns).

sanka the Destroyer (Gnoll Conjurer)               Turns: 21706, Time: 00:53:04

Health: 0/103      AC:  9    Str:  7    XL:     13   Next: 69%
Magic:  4/31       EV:  2    Int: 21    God:    Ashenzari [**....]
Gold:   954        SH:  0    Dex: 16    Spells: 21/34 levels left

rFire   . . .      SeeInvis +   a - +4 great sword (freeze)
rCold   . . .      Faith    .   (shield currently unavailable)
rNeg    + + +      Spirit   .   R - +2 robe "Tuckattu" {rElec rN+}
rPois   ∞          Reflect  +   B - +2 helmet of Ashenzari's Black Moon {rCorr Dex-4 Slay+6 SInv, Elem, Self} (curse)
rElec   +          Harm     .   m - +0 cloak
rCorr   +          Rampage  .   (no gloves)
Will    .....                   (no boots)
Stlth   ++++......              N - amulet of Ashenzari's Boredom {Reflect SH+5, Comp, Elem} (curse)
HPRegen 0.27/turn               L - ring of the Lashed Sage {rPois, Evo, Comp} (curse)
MPRegen 0.22/turn               f - +6 ring of dexterity

@: petrified
A: fangs 1, strong nose, distributed training, agile 1, high MP 1, MP-powered
wands
a: Renounce Religion, Curse Item, Shatter the Chains


You were on level 3 of the Lair of Beasts.
You worshipped Ashenzari.
Ashenzari was pleased with you.
You visited 3 branches of the dungeon, and saw 15 of its levels.
You also visited: Sewer.

You collected 954 gold pieces.


Innate Abilities, Weirdness & Mutations

You have very sharp teeth.
Your uncanny sense of smell can sniff out nearby items.
Your experience applies equally to all skills.
You are agile. (Dex +4, Str/Int -1)
You have an increased reservoir of magic. (+10% MP)
You expend magic power (3 MP) to strengthen your wands.


   Skills:
 + Level 8.8(10.1) Fighting
 + Level 8.8 Short Blades
 + Level 8.8 Long Blades
 + Level 8.8 Axes
 + Level 8.8 Maces & Flails
 + Level 8.8 Polearms
 + Level 8.8 Staves
 + Level 8.8 Ranged Weapons
 + Level 8.8 Throwing
 + Level 8.8 Armour
 + Level 10.0 Dodging
 + Level 9.8 Stealth
 + Level 8.8 Shields
 + Level 8.8 Unarmed Combat
 + Level 10.2(11.4) Spellcasting
 + Level 10.3 Conjurations
 + Level 7.3 Hexes
 + Level 7.3(9.3) Summonings
 + Level 7.3(9.3) Necromancy
 + Level 7.3 Translocations
 + Level 7.3 Transmutations
 + Level 7.3(9.3) Fire Magic
 + Level 7.3(9.3) Ice Magic
 + Level 7.3(9.3) Air Magic
 + Level 7.3(9.3) Earth Magic
 + Level 7.3 Poison Magic
 + Level 9.6 Invocations
 + Level 8.8(10.1) Evocations


You had 21 spell levels left.
You knew the following spells:

 Your Spells              Type           Power      Damage    Failure   Level
c - Iron Shot             Conj/Erth      26%        9d6       16%         6
x - Searing Ray           Conj           100%       2d8       1%          2
z - Magic Dart            Conj           100%       1d8       1%          1
Z - Fulminant Prism       Conj/Hex       24%        3d13      1%          4

Your spell library contained the following spells:

 Spells                   Type           Power      Damage    Failure   Level
 Necrotise                Necr           100%       1d9       1%          1
 Call Imp                 Summ           50%        N/A       1%          2
 Dazzling Flash           Conj/Hex       98%        N/A       1%          3
 Mephitic Cloud           Conj/Pois/Air  49%        N/A       1%          3
 Vampiric Draining        Necr           50%        2d9       1%          3
 Animate Armour           Summ/Erth      100%       N/A       1%          4
 Hailstorm                Conj/Ice       52%        3d12      1%          4
 Ice Form                 Ice/Tmut       47%        N/A       1%          4
 Iskenderun's Mystic Bla  Conj/Tloc      49%        2d11      1%          4
 Leda's Liquefaction      Hex/Erth       23%        N/A       1%          4
 Agony                    Necr           50%        N/A       3%          5
 Lee's Rapid Deconstruct  Erth           25%        3d15*     3%          5
 Blade Hands              Tmut           21%        N/A       8%          5
 Simulacrum               Ice/Necr       25%        N/A       19%         6
 Statue Form              Tmut/Erth      31%        N/A       28%         6
 Malign Gateway           Summ/Tloc      23%        N/A       83%         7
 Summon Horrible Things   Summ           25%        N/A       100%        8

Inventory:

Hand Weapons
 a - a +4 great sword of freezing (weapon)
 b - a +1 dagger of draining
 v - a +0 trident
 G - a +0 mace
 H - a +1 demon whip of venom
 O - a +1 whip of electrocution
Missiles
 h - 2 curare-tipped darts {=f}
 j - 36 poisoned darts
 y - 4 throwing nets {=f}
Armour
 e - a +0 troll leather armour
 m - a +0 cloak (worn)
 B - the cursed +2 helmet of Ashenzari's Black Moon (worn) {rCorr Dex-4 Slay+6 SInv, Elem, Self}

   Dex:       It affects your dexterity (-4).
   Slay:      It affects your accuracy & damage with ranged weapons and melee
   (+6).
   SInv:      It lets you see invisible.
   rCorr:     It protects you from acid and corrosion.
   It has a curse which improves the following skills: Elements: Fire Magic, Ice
   Magic, Air Magic and Earth Magic.
   Introspection: Fighting and Spellcasting.
 R - the +2 robe "Tuckattu" (worn) {rElec rN+} rElec: It insulates you from electricity. rN: It protects you from negative energy.
Jewellery
 f - a +6 ring of dexterity (right hand)
 n - an amulet of guardian spirit
 J - a ring of positive energy
 L - the cursed ring of the Lashed Sage (left hand) {rPois, Evo, Comp}

   [ring of poison resistance]

   rPois:     It protects you from poison.
   It has a curse which improves the following skills: Evocations: Evocations.
   Companions: Summonings and Necromancy.
 N - the cursed amulet of Ashenzari's Boredom (around neck) {Reflect SH+5, Comp, Elem}

   [amulet of reflection]

   It reflects blocked missile attacks.
   SH:        It affects your SH (+5).
   It has a curse which improves the following skills: Companions: Summonings
   and Necromancy.
   Elements:  Fire Magic, Ice Magic, Air Magic and Earth Magic.
Wands
 p - a wand of flame (35)
 D - a wand of roots (24)
 E - a wand of mindburst (24)
 T - a wand of acid (5)
Scrolls
 g - 3 scrolls of enchant weapon
 k - 12 scrolls of teleportation {@r4}
 l - 5 scrolls of magic mapping
 o - 4 scrolls of torment {!r}
 s - a scroll of enchant armour
 w - 2 scrolls of amnesia
 A - 2 scrolls of blinking
 C - a scroll of silence {!r}
 P - a scroll of butterflies
 Q - a scroll of fear
Potions
 c - 2 potions of magic
 d - 2 potions of attraction {!q}
 i - a potion of resistance
 q - 7 potions of curing {@q1}
 r - 3 potions of might
 t - 8 potions of flight
 u - 3 potions of haste {@q3}
 x - 5 potions of mutation {!q}
 z - 2 potions of ambrosia
 F - a potion of invisibility
 I - 4 potions of brilliance
 K - 3 potions of berserk rage {!q}
 M - a potion of lignification {!q}
 S - 3 potions of cancellation

Dungeon Overview and Level Annotations

Branches:
Dungeon (11/15)            Temple (1/1) D:6            Lair (3/5) D:10
  Swamp (0/4) Lair:2          Orc (0/2) D:10          Sewer (visited)
  Snake: Lair:2-3    Spider: Lair:2-3

Altars:
Ashenzari
Cheibriados
Dithmenos
Elyvilon
Gozag
Hepliaklqana
Kikubaaqudgha
Makhleb
Nemelex Xobeh
Okawaru
Qazlal
Sif Muna
Uskayaw
Vehumet
Wu Jian
Xom
Yredelemnul
The Shining One

Shops:
D:6 [   D:7 *   D:9 **

Annotations:
Lair:2 1 runed translucent door, exclusion: door, Aviak's ghost, journeyman DjFE

........, ..P...▒.▒
▒.▒.
▒▒▒▒▒....?........,,
.▒▒▒...⌠..▒..▒.▒.▒>▒
,
,....▒.....▒........
.....⌠.<.⌠▒..▒.▒.▒ ▒
░ ░
..[.▒.....▒▒.l.£... ░
f...▒▒....▒▒.▒.▒£▒.▒.
,
....▒..g▒▒Y.†Y......
, ,
▒▒..lll▒†Y†▒...... ,
.▒▒...⌠YY.▒▒....Yl..
░ ,
▒..........▒▒.......
,
▒..⌠..>.)⌠..▒▒......,
.............▒▒▒▒▒▒.
......⌠.......▒ ░ ,
...............▒░
⌠........▒..⌠...▒ ░ ,


You could see 2 elephants, a komodo dragon and 2 basilisks.


Message History

The basilisk bites you. The basilisk bites you! The komodo dragon bites you!
* * * LOW HITPOINT WARNING * * *
The basilisk gazes at you.
You easily resist.
The basilisk bites you!
* * * LOW HITPOINT WARNING * * *
The komodo dragon bites you!
* * * LOW HITPOINT WARNING * * *
The basilisk bites you!
* * * LOW HITPOINT WARNING * * *
The basilisk bites you but does no damage.
The komodo dragon bites you!!
* * * LOW HITPOINT WARNING * * *
You hear a trumpeting!
The basilisk gazes at you. The basilisk gazes at you.
You easily resist.
The komodo dragon bites you!
* * * LOW HITPOINT WARNING * * *
The basilisk bites you!
* * * LOW HITPOINT WARNING * * *
The basilisk bites you.
* * * LOW HITPOINT WARNING * * *
The komodo dragon bites you.
* * * LOW HITPOINT WARNING * * *
The basilisk bites you but does no damage.
The basilisk bites you!
You die...

Action                   |  1- 3 |  4- 6 |  7- 9 | 10-12 | 13-15 || total
-------------------------+-------+-------+-------+-------+-------++-------
Melee: Mace              |    28 |       |       |       |       ||    28
       Bite              |     4 |     2 |     5 |    23 |     5 ||    39
       Dagger            |       |    34 |    46 |       |       ||    80
       Punch             |       |     2 |     4 |     1 |       ||     7
       Whip              |       |       |    35 |    29 |       ||    64
       Great sword       |       |       |       |   141 |    52 ||   193
 Cast: Magic Dart        |    60 |    53 |   212 |   163 |    59 ||   547
       Searing Ray       |       |    12 |    36 |    57 |    31 ||   136
       Fulminant Prism   |       |       |     6 |   106 |    33 ||   145
       Iron Shot         |       |       |       |     7 |     5 ||    12
Invok: Curse Item        |       |       |     1 |     3 |       ||     4
       Shatter the Chain |       |       |       |     1 |       ||     1
Evoke: Wand              |       |     1 |     1 |     5 |       ||     7
  Use: Potion            |       |       |     5 |     3 |       ||     8
       Scroll            |       |       |       |     1 |       ||     1
 Stab: Sleeping          |       |     2 |     1 |       |       ||     3
       Distracted        |       |       |       |     1 |       ||     1
Armor: Robe              |     5 |     5 |    31 |    87 |    30 ||   158
Dodge: Dodged            |    12 |    25 |    90 |   247 |   119 ||   493
Block: Other             |       |       |     4 |    84 |    34 ||   122
       Reflection        |       |       |       |     5 |     1 ||     6

Levels and vault maps discovered:
D:1:      wander_arrival_peaceful_grave, layout_rooms
D:2:      layout_basic, shapermc_ecumenical_altar_mp_urbaneastern, st_stairs_14,
          minmay_pentomino_pile, uniq_robin, uniq_terence, uniq_jessica
D:3:      layout_rooms, portal_sewer_entry_c, uniq_grinder
D:4:      layout_cave_pools, grunt_ministairs_15, uniq_pikel
D:5:      layout_basic, kiku_gazebo_pond_becter, guppyfry_early_lair_pool
D:6:      layout_cave_pods, nicolae_elyvilon_temple_path,
          minmay_temple_entry_offerings, serial_shops,
          nicolae_shop_hallway_plus, uniq_menkaure
D:7:      layout_layer_cave, lemuel_round_altar,
          nicolae_gozag_zags_fifth_avenue, serial_park_tiny_2
D:8:      layout_basic
D:9:      layout_big_octagon, nicolae_qazlal_general_emergency,
          nicolae_specific_store, minivault_20, grunt_ministairs_11
D:10:     layout_loops_corners, nicolae_yredelemnul_corpse_copse,
          nicolae_uskayaw_en_pointe, due_lair_maze_entry_diamond, david_orc_5
D:11:     layout_cave_pools, evilmike_minifort
Temple:   hellmonk_temple_two_chambers
Lair:1:   layout_loops_ring, nicolae_lair_lindhole, uniq_maggie, uniq_amaemon
Lair:2:   layout_roguey, nicolae_swamp_entry_splash_gauntlet,
          ebering_ghost_funeral_grove, nicolae_lair_lil_pond,
          serial_bayou_lagoon_a
Lair:3:   beast_lair_carwin_large_2, layout_misc_corridors,
          spider_nest_entry_funnel_web, st_stairs_11, bobbens_dragon_lair_wall,
          grunt_megastairs_3

Notes
Turn   | Place    | Note
-------+----------+-------------------------------------------
     0 | D:1      | sanka the Gnoll Conjurer began the quest for the Orb.
     0 | D:1      | Reached XP level 1. HP: 13/13 MP: 6/6
   119 | D:1      | Reached XP level 2. HP: 9/19 MP: 3/7
   273 | D:1      | Learned a level 2 spell: Searing Ray
   704 | D:1      | Reached skill level 5 in Spellcasting
   704 | D:1      | Reached XP level 3. HP: 25/25 MP: 6/9
   945 | D:2      | Found a faded altar of an unknown god.
   969 | D:2      | Reached skill level 1 in Invocations
  1005 | D:2      | Noticed Robin
  1176 | D:2      | Reached skill level 1 in Fighting
  1176 | D:2      | Reached skill level 1 in Short Blades
  1176 | D:2      | Reached skill level 1 in Long Blades
  1176 | D:2      | Reached skill level 1 in Axes
  1176 | D:2      | Reached skill level 1 in Maces & Flails
  1176 | D:2      | Reached skill level 1 in Polearms
  1176 | D:2      | Reached skill level 1 in Staves
  1176 | D:2      | Reached skill level 1 in Ranged Weapons
  1176 | D:2      | Reached skill level 1 in Throwing
  1176 | D:2      | Reached skill level 1 in Armour
  1176 | D:2      | Reached skill level 1 in Shields
  1176 | D:2      | Reached skill level 1 in Unarmed Combat
  1176 | D:2      | Reached skill level 1 in Evocations
  1225 | D:2      | Noticed Jessica
  1227 | D:2      | Killed Jessica
  1228 | D:2      | Reached skill level 1 in Hexes
  1228 | D:2      | Reached skill level 1 in Summonings
  1228 | D:2      | Reached skill level 1 in Necromancy
  1228 | D:2      | Reached skill level 1 in Translocations
  1228 | D:2      | Reached skill level 1 in Transmutations
  1228 | D:2      | Reached skill level 1 in Fire Magic
  1228 | D:2      | Reached skill level 1 in Ice Magic
  1228 | D:2      | Reached skill level 1 in Air Magic
  1228 | D:2      | Reached skill level 1 in Earth Magic
  1228 | D:2      | Reached skill level 1 in Poison Magic
  1228 | D:2      | Reached XP level 4. HP: 32/32 MP: 3/11
  1540 | D:2      | Noticed Terence
  1815 | D:2      | Killed Robin
  1816 | D:2      | Reached XP level 5. HP: 37/37 MP: 7/12
  2321 | D:2      | Killed Terence
  2472 | D:3      | Noticed Grinder
  2475 | D:3      | Paralysed by Grinder for 3 turns
  2482 | D:3      | Killed Grinder
  2483 | D:3      | Reached skill level 2 in Fighting
  2483 | D:3      | Reached skill level 2 in Short Blades
  2483 | D:3      | Reached skill level 2 in Long Blades
  2483 | D:3      | Reached skill level 2 in Axes
  2483 | D:3      | Reached skill level 2 in Maces & Flails
  2483 | D:3      | Reached skill level 2 in Polearms
  2483 | D:3      | Reached skill level 2 in Staves
  2483 | D:3      | Reached skill level 2 in Ranged Weapons
  2483 | D:3      | Reached skill level 2 in Throwing
  2483 | D:3      | Reached skill level 2 in Armour
  2483 | D:3      | Reached skill level 5 in Dodging
  2483 | D:3      | Reached skill level 2 in Shields
  2483 | D:3      | Reached skill level 2 in Unarmed Combat
  2483 | D:3      | Reached skill level 2 in Invocations
  2483 | D:3      | Reached skill level 2 in Evocations
  2483 | D:3      | Reached XP level 6. HP: 29/44 MP: 3/14
  2672 | D:3      | Found a glowing drain.
  2727 | Sewer    | Entered a sewer
  3034 | Sewer    | Reached XP level 7. HP: 50/50 MP: 15/15
  3193 | Sewer    | Reached skill level 2 in Hexes
  3193 | Sewer    | Reached skill level 2 in Summonings
  3193 | Sewer    | Reached skill level 2 in Necromancy
  3193 | Sewer    | Reached skill level 2 in Translocations
  3193 | Sewer    | Reached skill level 2 in Transmutations
  3193 | Sewer    | Reached skill level 2 in Fire Magic
  3193 | Sewer    | Reached skill level 2 in Ice Magic
  3193 | Sewer    | Reached skill level 2 in Air Magic
  3193 | Sewer    | Reached skill level 2 in Earth Magic
  3193 | Sewer    | Reached skill level 2 in Poison Magic
  3776 | D:3      | Reached skill level 5 in Stealth
  3778 | D:3      | Identified the +2 helmet of Sif Muna's Scorn {rCorr Dex-4
                  | Slay+6 SInv}
  4135 | D:4      | Noticed Pikel
  4142 | D:3      | Learned a level 4 spell: Fulminant Prism
  4360 | D:4      | Killed Pikel
  4361 | D:4      | Reached skill level 3 in Fighting
  4361 | D:4      | Reached skill level 3 in Short Blades
  4361 | D:4      | Reached skill level 3 in Long Blades
  4361 | D:4      | Reached skill level 3 in Axes
  4361 | D:4      | Reached skill level 3 in Maces & Flails
  4361 | D:4      | Reached skill level 3 in Polearms
  4361 | D:4      | Reached skill level 3 in Staves
  4361 | D:4      | Reached skill level 3 in Ranged Weapons
  4361 | D:4      | Reached skill level 3 in Throwing
  4361 | D:4      | Reached skill level 3 in Armour
  4361 | D:4      | Reached skill level 3 in Shields
  4361 | D:4      | Reached skill level 3 in Unarmed Combat
  4361 | D:4      | Reached skill level 6 in Spellcasting
  4361 | D:4      | Reached skill level 3 in Invocations
  4361 | D:4      | Reached skill level 3 in Evocations
  4361 | D:4      | Reached XP level 8. HP: 52/58 MP: 3/17
  4377 | D:4      | Gained mutation: You expend magic power (3 MP) to
                  | strengthen your wands. [potion of mutation]
  4377 | D:4      | Gained mutation: You have an increased reservoir of magic.
                  | (+10% MP) [potion of mutation]
  4377 | D:4      | Gained mutation: You are agile. (Dex +4, Str/Int -1)
                  | [potion of mutation]
  4384 | D:4      | HP: 5/58 [hound (3)]
  4392 | D:4      | HP: 4/58 [acid (1)]
  4393 | D:4      | HP: 1/58 [quokka (3)]
  5189 | D:5      | Entered Level 5 of the Dungeon
  5414 | D:5      | Reached skill level 4 in Invocations
  5470 | D:5      | Reached skill level 3 in Hexes
  5470 | D:5      | Reached skill level 3 in Summonings
  5470 | D:5      | Reached skill level 3 in Necromancy
  5470 | D:5      | Reached skill level 3 in Translocations
  5470 | D:5      | Reached skill level 3 in Transmutations
  5470 | D:5      | Reached skill level 3 in Fire Magic
  5470 | D:5      | Reached skill level 3 in Ice Magic
  5470 | D:5      | Reached skill level 3 in Air Magic
  5470 | D:5      | Reached skill level 3 in Earth Magic
  5470 | D:5      | Reached skill level 3 in Poison Magic
  5702 | D:5      | Found an ancient bone altar of Kikubaaqudgha.
  5778 | D:5      | Reached skill level 6 in Dodging
  6083 | D:5      | Reached XP level 9. HP: 65/65 MP: 11/20
  6097 | D:5      | Reached skill level 4 in Fighting
  6097 | D:5      | Reached skill level 4 in Short Blades
  6097 | D:5      | Reached skill level 4 in Long Blades
  6097 | D:5      | Reached skill level 4 in Axes
  6097 | D:5      | Reached skill level 4 in Maces & Flails
  6097 | D:5      | Reached skill level 4 in Polearms
  6097 | D:5      | Reached skill level 4 in Staves
  6097 | D:5      | Reached skill level 4 in Ranged Weapons
  6097 | D:5      | Reached skill level 4 in Throwing
  6097 | D:5      | Reached skill level 4 in Armour
  6097 | D:5      | Reached skill level 4 in Shields
  6097 | D:5      | Reached skill level 4 in Unarmed Combat
  6097 | D:5      | Reached skill level 4 in Evocations
  6465 | D:5      | Reached skill level 6 in Stealth
  6465 | D:5      | Reached skill level 8 in Conjurations
  6717 | D:6      | Found Mewavy's Antique Armour Boutique.
  6717 | D:6      | Noticed Menkaure
  6724 | D:6      | Killed Menkaure
  7121 | D:6      | Found a staircase to the Ecumenical Temple.
  7176 | Temple   | Entered the Ecumenical Temple
  7181 | Temple   | Became a worshipper of Ashenzari the Shackled
  7218 | D:6      | Reached skill level 5 in Invocations
  7530 | D:6      | Found a white marble altar of Elyvilon.
  7539 | D:6      | Reached skill level 7 in Spellcasting
  8237 | D:6      | Reached skill level 4 in Hexes
  8237 | D:6      | Reached skill level 4 in Summonings
  8237 | D:6      | Reached skill level 4 in Necromancy
  8237 | D:6      | Reached skill level 4 in Translocations
  8237 | D:6      | Reached skill level 4 in Transmutations
  8237 | D:6      | Reached skill level 4 in Fire Magic
  8237 | D:6      | Reached skill level 4 in Ice Magic
  8237 | D:6      | Reached skill level 4 in Air Magic
  8237 | D:6      | Reached skill level 4 in Earth Magic
  8237 | D:6      | Reached skill level 4 in Poison Magic
  8316 | D:7      | Found an opulent altar of Gozag.
  8319 | D:7      | Found Gozag's Platinum Reserve.
  8604 | D:7      | Reached skill level 5 in Fighting
  8604 | D:7      | Reached skill level 5 in Short Blades
  8604 | D:7      | Reached skill level 5 in Long Blades
  8604 | D:7      | Reached skill level 5 in Axes
  8604 | D:7      | Reached skill level 5 in Maces & Flails
  8604 | D:7      | Reached skill level 5 in Polearms
  8604 | D:7      | Reached skill level 5 in Staves
  8604 | D:7      | Reached skill level 5 in Ranged Weapons
  8604 | D:7      | Reached skill level 5 in Throwing
  8604 | D:7      | Reached skill level 5 in Armour
  8604 | D:7      | Reached skill level 5 in Shields
  8604 | D:7      | Reached skill level 5 in Unarmed Combat
  8604 | D:7      | Reached skill level 5 in Evocations
  8604 | D:7      | Reached XP level 10. HP: 43/74 MP: 11/22
  8877 | D:7      | Found an iron altar of Okawaru.
  9039 | D:7      | Reached skill level 7 in Dodging
 10066 | D:8      | Reached * piety under Ashenzari
 10066 | D:8      | Identified a potion of resistance
 10431 | D:8      | Reached skill level 6 in Invocations
 10576 | D:8      | Identified a scroll of acquirement
 10802 | D:8      | Reached ** piety under Ashenzari
 10816 | D:8      | Reached skill level 7 in Stealth
 11156 | D:9      | Noticed a kobold demonologist
 11163 | D:9      | Killed a kobold demonologist
 11315 | D:9      | Noticed a two-headed ogre
 11757 | D:9      | Noticed a two-headed ogre
 11771 | D:9      | Killed a two-headed ogre
 11772 | D:9      | Reached skill level 6 in Fighting
 11772 | D:9      | Reached skill level 6 in Short Blades
 11772 | D:9      | Reached skill level 6 in Long Blades
 11772 | D:9      | Reached skill level 6 in Axes
 11772 | D:9      | Reached skill level 6 in Maces & Flails
 11772 | D:9      | Reached skill level 6 in Polearms
 11772 | D:9      | Reached skill level 6 in Staves
 11772 | D:9      | Reached skill level 6 in Ranged Weapons
 11772 | D:9      | Reached skill level 6 in Throwing
 11772 | D:9      | Reached skill level 6 in Armour
 11772 | D:9      | Reached skill level 6 in Shields
 11772 | D:9      | Reached skill level 6 in Unarmed Combat
 11772 | D:9      | Reached skill level 8 in Spellcasting
 11772 | D:9      | Reached skill level 5 in Hexes
 11772 | D:9      | Reached skill level 5 in Summonings
 11772 | D:9      | Reached skill level 5 in Necromancy
 11772 | D:9      | Reached skill level 5 in Translocations
 11772 | D:9      | Reached skill level 5 in Transmutations
 11772 | D:9      | Reached skill level 5 in Fire Magic
 11772 | D:9      | Reached skill level 5 in Ice Magic
 11772 | D:9      | Reached skill level 5 in Air Magic
 11772 | D:9      | Reached skill level 5 in Earth Magic
 11772 | D:9      | Reached skill level 5 in Poison Magic
 11772 | D:9      | Reached skill level 6 in Evocations
 11772 | D:9      | Reached XP level 11. HP: 86/86 MP: 15/27
 11910 | D:9      | Found a stormy altar of Qazlal.
 12033 | D:9      | Found Ifozej's General Store.
 12035 | D:9      | Found Ebapsaig's Specific Store.
 12077 | D:9      | Killed a two-headed ogre
 12231 | D:9      | Noticed a green ugly thing
 12237 | D:9      | Killed a green ugly thing
 12238 | D:9      | Reached skill level 9 in Conjurations
 12238 | D:9      | Reached skill level 7 in Invocations
 12373 | D:9      | Acquired a book of Iron
 12386 | D:10     | Entered Level 10 of the Dungeon
 12391 | D:10     | Found a staircase to the Orcish Mines.
 12391 | D:10     | Noticed an orc knight
 12401 | D:10     | Killed an orc knight
 12402 | D:10     | Reached skill level 8 in Dodging
 12695 | D:10     | Noticed a soul eater
 12764 | D:10     | Found a hide-covered altar of Uskayaw.
 12769 | D:10     | Noticed a +0 dagger
 12770 | D:10     | Noticed a +0 short sword
 12770 | D:10     | Noticed a +0 spear
 12771 | D:10     | Noticed a +0 falchion
 12771 | D:10     | Noticed a +0 falchion
 12771 | D:10     | Noticed a +0 dagger
 12772 | D:10     | Noticed a +0 spear
 12773 | D:10     | Noticed a +0 short sword
 13129 | D:10     | Reached skill level 8 in Stealth
 13870 | D:10     | Found a basalt altar of Yredelemnul.
 13884 | D:10     | Reached skill level 7 in Fighting
 13884 | D:10     | Reached skill level 7 in Short Blades
 13884 | D:10     | Reached skill level 7 in Long Blades
 13884 | D:10     | Reached skill level 7 in Axes
 13884 | D:10     | Reached skill level 7 in Maces & Flails
 13884 | D:10     | Reached skill level 7 in Polearms
 13884 | D:10     | Reached skill level 7 in Staves
 13884 | D:10     | Reached skill level 7 in Ranged Weapons
 13884 | D:10     | Reached skill level 7 in Throwing
 13884 | D:10     | Reached skill level 7 in Armour
 13884 | D:10     | Reached skill level 7 in Shields
 13884 | D:10     | Reached skill level 7 in Unarmed Combat
 13884 | D:10     | Reached skill level 7 in Evocations
 14036 | D:10     | Reached XP level 12. HP: 95/95 MP: 26/29
 14319 | D:10     | Found a staircase to the Lair.
 14357 | D:10     | Reached skill level 6 in Hexes
 14357 | D:10     | Reached skill level 6 in Summonings
 14357 | D:10     | Reached skill level 6 in Necromancy
 14357 | D:10     | Reached skill level 6 in Translocations
 14357 | D:10     | Reached skill level 6 in Transmutations
 14357 | D:10     | Reached skill level 6 in Fire Magic
 14357 | D:10     | Reached skill level 6 in Ice Magic
 14357 | D:10     | Reached skill level 6 in Air Magic
 14357 | D:10     | Reached skill level 6 in Earth Magic
 14357 | D:10     | Reached skill level 6 in Poison Magic
 14845 | D:11     | Reached skill level 8 in Invocations
 15063 | D:11     | Reached skill level 9 in Spellcasting
 15918 | D:11     | Identified the +2 robe "Tuckattu" {rElec rN+}
 16164 | D:11     | Noticed a two-headed ogre
 16168 | D:11     | Noticed a five-headed hydra
 16181 | D:11     | Killed a five-headed hydra
 16182 | D:11     | Reached skill level 9 in Dodging
 16404 | D:11     | Noticed a two-headed ogre
 16485 | D:11     | Noticed a boulder beetle
 16514 | D:11     | Killed a two-headed ogre
 17013 | D:11     | Learned a level 6 spell: Iron Shot
 17077 | D:11     | Killed a two-headed ogre
 17078 | D:11     | Reached skill level 9 in Stealth
 17295 | D:11     | Killed a boulder beetle
 17369 | D:11     | Reached skill level 8 in Fighting
 17369 | D:11     | Reached skill level 8 in Short Blades
 17369 | D:11     | Reached skill level 8 in Long Blades
 17369 | D:11     | Reached skill level 8 in Axes
 17369 | D:11     | Reached skill level 8 in Maces & Flails
 17369 | D:11     | Reached skill level 8 in Polearms
 17369 | D:11     | Reached skill level 8 in Staves
 17369 | D:11     | Reached skill level 8 in Ranged Weapons
 17369 | D:11     | Reached skill level 8 in Throwing
 17369 | D:11     | Reached skill level 8 in Armour
 17369 | D:11     | Reached skill level 8 in Shields
 17369 | D:11     | Reached skill level 8 in Unarmed Combat
 17369 | D:11     | Reached skill level 8 in Evocations
 17726 | Lair:1   | Entered Level 1 of the Lair of Beasts
 17892 | Lair:1   | Noticed Amaemon
 18124 | D:10     | Killed Amaemon
 18125 | D:10     | Reached XP level 13. HP: 44/101 MP: 8/30
 18361 | Lair:1   | Reached skill level 9 in Invocations
 18599 | Lair:1   | Identified +0 acid dragon scales
 18599 | Lair:1   | Noticed Maggie
 18956 | Lair:1   | Killed Maggie
 18957 | Lair:1   | Reached skill level 10 in Conjurations
 19553 | Lair:1   | Reached skill level 7 in Hexes
 19553 | Lair:1   | Reached skill level 7 in Summonings
 19553 | Lair:1   | Reached skill level 7 in Necromancy
 19553 | Lair:1   | Reached skill level 7 in Translocations
 19553 | Lair:1   | Reached skill level 7 in Transmutations
 19553 | Lair:1   | Reached skill level 7 in Fire Magic
 19553 | Lair:1   | Reached skill level 7 in Ice Magic
 19553 | Lair:1   | Reached skill level 7 in Air Magic
 19553 | Lair:1   | Reached skill level 7 in Earth Magic
 19553 | Lair:1   | Reached skill level 7 in Poison Magic
 20600 | Lair:2   | Reached skill level 10 in Spellcasting
 20999 | Lair:2   | Found a runed translucent door.
 20999 | Lair:2   | Identified the +6 spear of Imminent Death {protect, rPois
                  | rF+ rC-}
 21002 | Lair:2   | Noticed Aviak's ghost (journeyman DjFE)
 21473 | Lair:2   | Found a staircase to the Swamp.
 21694 | Lair:3   | Reached skill level 10 in Dodging
 21705 | Lair:3   | HP: 8/103 [basilisk (4)]
 21706 | Lair:3   | Slain by a basilisk

Vanquished Creatures
  A boulder beetle (D:11)
  A hydra (D:11)
  4 two-headed ogres
  Amaemon (D:10)
  2 bog bodies (Lair:2)
  Pikel (D:4)
  A lindwurm (Lair:1)
  An orc knight (D:10)
  2 ugly things
  2 cyclopes (D:11)
  6 centaur zombies (D:10)
  2 black mambas
  2 elephants (Lair:3)
  A gargoyle (D:11)
  Maggie (Lair:1)
  An orange demon (Lair:1)
  A cane toad (shapeshifter) (D:11)
  8 cane toads
  2 rime drakes
  2 kobold demonologists
  6 komodo dragons
  3 unseen horror zombies (D:10)
  6 trolls
  A polar bear (Lair:1)
  Grinder (D:3)
  4 blink frogs (Lair:1)
  2 shadows (D:11)
  2 wraiths (D:11)
  20 yaks
  3 vampires
  A wyvern (Lair:3)
  2 basilisks
  4 vampire mosquitoes (D:11)
  Menkaure (D:6)
  A swamp worm (Lair:2)
  10 water moccasins
  9 orc warriors
  2 sky beasts (D:7)
  3 ice beasts
  2 black bears
  5 wolves (Lair:2)
  7 centaurs
  2 ogres (D:5)
  4 kobold brigands
  11 bullfrogs
  2 gnoll sergeants
  A necrophage (D:6)
  2 scorpions
  17 wights
  A killer bee (D:11)
  3 electric eels
  2 howler monkeys
  4 jellies
  3 hounds
  A gnoll bouda (D:6)
  14 orc priests
  Jessica (D:2)
  Terence (D:2)
  5 iguanas
  A merfolk siren (Sewer)
  16 orc wizards
  A merfolk avatar (Sewer)
  A howler monkey zombie (D:10)
  Robin (D:2)
  25 gnolls
  12 adders
  3 river rats
  2 shadow imps
  A white imp (D:8)
  2 ufetubi
  A worm (D:3)
  2 dart slugs
  55 orcs
  14 ball pythons
  10 endoplasms
  8 giant cockroaches
  12 goblins
  8 hobgoblins
  7 jackals (D:3)
  5 quokkas
  10 bats
  3 frilled lizards
  18 kobolds
  33 rats
  A fulminant prism (Lair:1)
463 creatures vanquished.

Vanquished Creatures (others)
  An orc wizard (D:9)
  An orc (D:9)
  144 fulminant prisms
  79 fungi
  102 plants
327 creatures vanquished.

Grand Total: 790 creatures vanquished
